 Dungeon Crawl Stone Soup version 0.30-a0-643-g638baaf3f0 (webtiles) character file.

Game seed: 11649835079859199233

45 inmateoo the Insei (level 3, 0/20 HPs)
             Began as a Vine Stalker Monk on Jan 16, 2023.
             Slain by Terence
             ... wielding a +0 falchion
              (2 damage)
             ... on level 2 of the Dungeon.
             The game lasted 00:02:08 (1222 turns).

inmateoo the Insei (Vine Stalker Monk)              Turns: 1222, Time: 00:02:09

Health: 0/20       AC:  2    Str: 13    XL:     3   Next: 64%
Magic:  0/4        EV: 11    Int: 10    God:
Gold:   59         SH:  0    Dex: 18    Spells: 2/2 levels left

rFire   . . .      SeeInvis .      - Unarmed
rCold   . . .      Faith    .    c - +0 kite shield
rNeg    . . .      Spirit   +    a - +0 robe
rPois   .          Reflect  .    (no helmet)
rElec   .          Harm     .    (no cloak)
rCorr   .          Rampage  .    (no gloves)
Will    .....                    (no boots)
Stlth   +                        (no amulet)
HPRegen 0.23/turn                (no ring)
MPRegen 0.09/turn                (no ring)

@: confused, ambrosia-drunk
A: fangs 2, magic shield, antimagic bite, no potion heal 2
a: no special abilities


You were on level 2 of the Dungeon.
You visited 1 branch of the dungeon, and saw 2 of its levels.

You collected 59 gold pieces.

Inventory:

Missiles
 k - 3 poisoned darts (quivered)
Armour
 a - a +0 robe (worn)
 c - a +0 kite shield (worn)
Scrolls
 f - 2 scrolls of fear {unknown}
 g - 3 scrolls of enchant weapon {unknown}
 h - a scroll of fog {unknown}
 i - 2 scrolls of identify {unknown}
 j - a scroll of immolation {unknown}
Potions
 d - a potion of degeneration {unknown}
 e - a potion of heal wounds {unknown}


   Skills:
 + Level 3.0 Fighting
 + Level 0.9 Armour
 + Level 2.7 Dodging
 - Level 2.4 Stealth
 + Level 1.0 Shields
 + Level 3.3 Unarmed Combat


You had 2 spell levels left.
You didn't know any spells.
Your spell library was empty.

Dungeon Overview and Level Annotations

Branches:
Dungeon (2/15)

Altars:

Annotations:
D:2 Terence


Innate Abilities, Weirdness & Mutations

You have extremely sharp teeth.
When hurt, damage is shared between your health and your magic reserves.
Your bite disrupts and absorbs the magic of your enemies.
Potions cannot restore your health.


Message History

Press: ? - help, Q - select action Shift-Dir - straight line, f - Terence
Aim: Terence, wielding a +0 falchion and wearing a +0 chain mail (wandering, hasn't noticed you, 69% to hit)
You throw a poisoned dart.
The poisoned dart barely misses Terence.
Terence shouts!
Throw: 5 darts (poison)
Press: ? - help, Q - select action Shift-Dir - straight line, f/p - Terence
Aim: Terence, wielding a +0 falchion and wearing a +0 chain mail (69% to hit)
You throw a poisoned dart. The poisoned dart hits Terence.
Terence is poisoned.
Throw: 4 darts (poison)
Press: ? - help, Q - select action Shift-Dir - straight line, f/p - Terence
Aim: Terence, wielding a +0 falchion and wearing a +0 chain mail (poisoned, 69% to hit)
You throw a poisoned dart. The poisoned dart hits Terence.
Terence looks even sicker.
You hit Terence but do no damage.
Terence is lightly wounded.
Terence hits you with a +0 falchion.
You hit Terence but do no damage. You bite Terence, but do no damage.
Terence is lightly wounded.
Terence closely misses you.
You barely miss Terence.
Terence is moderately wounded.
Terence hits you with a +0 falchion.
You hit Terence but do no damage. Your bite misses Terence.
Terence is moderately wounded.
Terence hits you with a +0 falchion!
You hit Terence but do no damage. Your bite misses Terence.
Terence is moderately wounded.
Terence hits you with a +0 falchion!
* * * LOW HITPOINT WARNING * * *
Terence misses you.
Okay, then.
You are confused.
Your system rejects the healing.
You feel invigorated. Terence barely misses you.
You bump into the rock wall.
Terence barely misses you.
You barely miss Terence.
Terence is heavily wounded.
Terence hits you with a +0 falchion.
You die...

### ##.##
##.#.###########
#.#.......@@...##
##...########...#
####.##
#.............
#....#
#.####(.......
#.#### #.#
##(#.#### #.# #.#
#.#.# #.# #.# #(#
# #.# #.# #.# #.#
##.## #.#.#


You could see Terence (poisoned).

Vanquished Creatures
  2 dart slugs (D:1)
  2 endoplasms
  A giant cockroach (D:1)
  6 goblins
  5 hobgoblins (D:1)
  5 jackals (D:1)
  4 kobolds (D:1)
  2 ball pythons (D:1)
  4 bats (D:1)
  3 frilled lizards
  4 rats
38 creatures vanquished.

Notes
Turn   | Place    | Note
-------+----------+-------------------------------------------
     0 | D:1      | inmateoo the Vine Stalker Monk began the quest for the Orb.
     0 | D:1      | Reached XP level 1. HP: 11/11 MP: 2/2
   167 | D:1      | Reached XP level 2. HP: 7/16 MP: 0/3
   392 | D:1      | Reached XP level 3. HP: 19/19 MP: 4/4
   774 | D:1      | Reached skill level 1 in Shields
   788 | D:1      | Upgraded the game from 0.30-a0-637-gacddeb6d44 to
                  | 0.30-a0-643-g638baaf3f0
   827 | D:2      | Noticed Terence
  1216 | D:2      | HP: 1/20 [Terence/+0 falchion (7)]
  1222 | D:2      | Slain by Terence

Illustrated notes

Levels and vault maps discovered:
D:1:      ncdulo_wetmaze, layout_loops_ring, minmay_indecisive_spiral
D:2:      layout_loops_ring, uniq_terence

Skill      XL: |  1  2  3 |
---------------+----------+-----
Fighting       | 3 |  3.0
Shields        | 1 |  1.0
Armour         | |  0.9
Dodging        | |  2.7
Stealth        | |  2.4
Unarmed Combat | |  3.3

Action                   || total
-------------------------++-------
Melee: Unarmed           ||   117
       Bite              ||    33
Throw: Dart              ||     3
  Use: Potion            ||     1
 Stab: Sleeping          ||     8
       Distracted        ||     1
Armor: Robe              ||    13
Dodge: Dodged            ||    43
Block: Kite shield       ||    50

Table legend: (Time is in decaauts)
 A = Elapsed time spent in this place.
 B = Non-inter-level travel time spent in this place.
 C = Inter-level travel time spent in this place.
 D = Time resting spent in this place.
 E = Time spent auto-exploring this place.
 F = Levels seen in this place.
 G = Mean time per level.
                   A        B        C        D        E       F      G
               +--------+--------+--------+--------+--------+-----+--------+
         Total |   1243 |   1233 |     10 |    160 |    728 |   2 |  621.5 |
       Dungeon |   1243 |   1233 |     10 |    160 |    728 |   2 |  621.5 |
               +--------+--------+--------+--------+--------+-----+--------+

Top non-repeatable levels by time:
     D:1: 816 daAuts
     D:2: 426 daAuts
